 Dungeon Crawl Stone Soup version 0.27-a0-1191-g601b473118 (webtiles) character file.

Game seed: 16391389301938169718

8836 pokeman the Thaumaturge (level 11, -7/60 (63) HPs)
             Began as a Deep Elf Hedge Wizard on May 23, 2021.
             Was an Initiate of Vehumet.
             Mangled by a troll (11 damage)
             ... on level 11 of the Dungeon.
             The game lasted 00:29:14 (12771 turns).

pokeman the Thaumaturge (Deep Elf Hedge Wizard)    Turns: 12771, Time: 00:29:15

HP:   -7/60 (63)    AC:  9    Str: 11    XL:     11   Next: 15%
MP:   20/31         EV: 13    Int: 27    God:    Vehumet [......]
Gold: 571           SH:  0    Dex: 14    Spells: 24/38 levels left

rFire    + + +     SeeInvis .   C - +1 quarterstaff of Massacring {holy, rF++ Str+4 Int+4}
rCold    . . .     Faith    +   (shield currently unavailable)
rNeg     . . .     Spirit   .   H - +0 steam dragon scales
rPois    .         Reflect  .   k - +0 helmet
rElec    .         Harm     .   (no cloak)
rCorr    .         Rampage  .   A - +0 pair of gloves
Will     +....                  u - +0 pair of boots
Stlth    ++........             G - amulet of faith
HPRegen  0.20/turn              g - ring of fire
MPRegen  0.22/turn              L - ring of protection from cold

@: lightly drained
A: no striking features
a: Renounce Religion


You were on level 11 of the Dungeon.
You worshipped Vehumet.
Vehumet was noncommittal.
You visited 2 branches of the dungeon, and saw 12 of its levels.

You collected 571 gold pieces.

Inventory:

Hand Weapons
 w - a +0 shortbow
 C - the +1 quarterstaff of Massacring (weapon) {holy, rF++ Str+4 Int+4}
   (You found it on level 5 of the Dungeon)

   It has been blessed by the Shining One to cause great damage to the undead
   and demons.
   It affects your strength (+4).
   It affects your intelligence (+4).
   It greatly protects you from fire.
 E - a +2 short sword of venom
 M - a +0 longbow
Missiles
 f - 196 arrows
 n - 59 bolts
Armour
 k - a +0 helmet (worn)
 u - a +0 pair of boots (worn)
 A - a +0 pair of gloves (worn)
 H - +0 steam dragon scales (worn)
 J - a +0 buckler
Magical Staves
 B - a staff of air
Jewellery
 g - a ring of fire (left hand)
 D - an amulet of reflection
 G - an amulet of faith (around neck)
 L - a ring of protection from cold (right hand)
 O - a ring of protection from cold
Wands
 b - a wand of flame (17)
 K - a wand of polymorph (7)
 S - a wand of acid (13)
Scrolls
 c - a scroll of magic mapping {unknown}
 d - 15 scrolls of identify {unknown}
 h - 2 scrolls of amnesia {unknown}
 i - 2 scrolls of torment {unknown}
 l - 5 scrolls of vulnerability {unknown}
 o - 3 scrolls of blinking {unknown}
 s - a scroll of holy word {unknown}
 t - 3 scrolls of immolation {unknown}
 x - 3 scrolls of noise {unknown}
 y - 3 scrolls of teleportation {unknown}
 z - 3 scrolls of enchant armour {unknown}
 I - a scroll of fog {unknown}
 Q - a scroll of fear {unknown}
Potions
 e - 8 potions of flight {unknown}
 j - a potion of curing {unknown}
 m - 2 potions of mutation {unknown}
 p - 3 potions of attraction {unknown}
 q - 5 potions of heal wounds {unknown}
 r - 3 potions of degeneration {unknown}
 v - a potion of might {unknown}
 F - a potion of cancellation {unknown}
 N - a potion of berserk rage {unknown}
 P - a potion of invisibility {unknown}
 R - a potion of lignification {unknown}


   Skills:
 - Level 5.0 Fighting
 - Level 3.0 Armour
 - Level 3.0 Dodging
 - Level 3.0 Stealth
 + Level 1.4 Shields
 * Level 14.3 Spellcasting
 + Level 8.6 Conjurations
 - Level 1.1 Summonings
 - Level 1.1 Translocations
 + Level 8.0 Fire Magic
 - Level 1.0 Air Magic
 - Level 1.2 Poison Magic
 - Level 1.0 Evocations


You had 24 spell levels left.
You knew the following spells:

 Your Spells              Type           Power      Damage    Failure   Level
a - Magic Dart            Conj           100%       1d8       1%          1
b - Mephitic Cloud        Conj/Pois/Air  38%        N/A       1%          3
c - Call Imp              Summ           25%        N/A       2%          2
d - Blink                 Tloc           N/A        N/A       2%          2
e - Conjure Flame         Conj/Fire      77%        6-21      1%          3
f - Foxfire               Conj/Fire      100%       2x1d9     1%          1
g - Shock                 Conj/Air       100%       1d9       1%          1
h - Apportation           Tloc           50%        N/A       1%          1

Your spell library contained the following spells:

 Spells                   Type           Power      Damage    Failure   Level
 Summon Small Mammal      Summ           100%       N/A       1%          1
 Inner Flame              Hex/Fire       57%        N/A       1%          3
 Animate Skeleton         Necr           38%        N/A       2%          1
 Corona                   Hex            21%        N/A       2%          1
 Poisonous Vapours        Pois/Air       50%        N/A       2%          2
 Ignite Poison            Fire/Tmut/Pois 52%        N/A       2%          3
 Slow                     Hex            19%        N/A       4%          2
 Portal Projectile        Hex/Tloc       44%        N/A       7%          3
 Summon Lightning Spire   Summ/Air       25%        N/A       19%         4
 Cause Fear               Hex            9%         N/A       26%         4
 Leda's Liquefaction      Hex/Erth       9%         N/A       26%         4
 Tornado                  Air            12%        N/A       100%        9


Dungeon Overview and Level Annotations

Branches:
Dungeon (11/15)            Temple (1/1) D:6            Lair (0/6) D:10
    Orc: D:9-12

Altars:
Ashenzari
Cheibriados
Dithmenos
Elyvilon
Fedhas
Gozag
Hepliaklqana
Kikubaaqudgha
Makhleb
Nemelex Xobeh
Okawaru
Qazlal
Ru
Sif Muna
Trog
Uskayaw
Vehumet
Wu Jian
Xom
Yredelemnul
Zin
The Shining One

Shops:
D:9 (

Annotations:
D:11 Sonja


Message History

You blink.
The vampire mosquito bites your two-headed ogre.
Sonja hits your gnoll sergeant but does no damage.
Sonja drains your gnoll sergeant. Sonja misses your gnoll sergeant.
Sonja barely misses your gnoll sergeant.
Your gnoll barely misses Sonja.
Your two-headed ogre hits the vampire mosquito with a +0 giant spiked club!!
The vampire mosquito is destroyed!
Vehumet accepts your kill.
Your komodo dragon barely misses the troll.
The vampire mosquito bites your manticore.
The troll closely misses you. The troll claws you but does no damage.
The troll claws you.
* * * LOW HITPOINT WARNING * * *
Your manticore bites the vampire mosquito!!
Your manticore claws the vampire mosquito.
Your manticore barely misses the vampire mosquito.
Your gnoll sergeant hits Sonja with a +0 spear!
Sonja hits your gnoll sergeant with a +0 short sword of draining!
Sonja barely misses your gnoll sergeant.
Sonja hits your gnoll sergeant but does no damage.
Your iron imp hits Sonja!
Your Fire Magic skill increases to level 8!
Found 9 sling bullets.
Casting: Blink (safe; 2% risk of failure)
Confirm with . or Enter, or press ? or * to list all spells.
You blink.
The vampire mosquito bites your manticore!
Your gnoll hits Sonja with a +0 halberd.
Sonja hits your gnoll with a +0 short sword of draining!
Sonja drains your gnoll.
Your gnoll is killed!
Your gnoll's corpse dissolves into shadows!
Your gnoll hits Sonja from afar with a +0 spear!
Your manticore closely misses the vampire mosquito.
Your manticore misses the vampire mosquito.
Your manticore barely misses the vampire mosquito.
Your komodo dragon barely misses the troll.
The troll bites you!
You die...

########## ..........
....... #..?. . #..# #
..######..###########..#
.....?...KgO..ยง.[..((..#
.........5.g..lT@.......
..........H.............
#########y###########.##
#.# ########.#######
.......<........
................
................
######.#########


You could see a troll (ally target), Sonja (confused, ally target), a vampire
mosquito (ally target), a friendly two-headed ogre (summoned), a friendly
manticore (summoned), a friendly komodo dragon (summoned), a friendly gnoll
sergeant (summoned, drained), a friendly iron imp (summoned) and a friendly
gnoll (summoned).

Vanquished Creatures
  3 two-headed ogres
  A kobold demonologist (D:10)
  A komodo dragon (D:10)
  A tengu conjurer (D:8)
  2 wyverns
  A wraith (D:5)
  14 yaks
  3 steam dragons (D:7)
  4 water moccasins
  2 orc warriors
  A black bear (D:5)
  A sky beast (D:6)
  A hornet zombie (D:5)
  A necrophage (D:5)
  3 ogres
  5 centaurs
  2 kobold brigands
  A bullfrog (D:7)
  2 scorpions (D:6)
  A wyvern zombie (D:7)
  A water moccasin zombie (D:5)
  A water moccasin skeleton (D:7)
  4 killer bees (D:9)
  9 wights
  A howler monkey (D:10)
  A centaur zombie (D:9)
  3 jellies
  6 orc priests
  A bullfrog skeleton (D:7)
  3 centaur skeletons
  Natasha (thrice) (D:2)
  Terence (D:2)
  4 iguanas
  6 orc wizards
  A hound zombie (D:5)
  2 howler monkey zombies
  4 gnolls
  6 adders
  4 white imps
  An ufetubus (D:7)
  An adder skeleton (D:5)
  6 dart slugs
  17 orcs
  8 ball pythons
  5 endoplasms
  2 giant cockroaches
  9 goblins
  7 hobgoblins
  7 jackals
  2 quokkas
  6 bats
  5 frilled lizards
  28 kobolds
  3 rats (D:2)
218 creatures vanquished.

Vanquished Creatures (collateral kills)
  A vampire mosquito (D:11)
  A jackal (D:2)
  2 foxfires
4 creatures vanquished.

Vanquished Creatures (others)
  An orc wizard (D:6)
  549 foxfires
  5 plants
555 creatures vanquished.

Grand Total: 777 creatures vanquished

Notes
Turn   | Place    | Note
-------+----------+-------------------------------------------
     0 | D:1      | pokeman the Deep Elf Hedge Wizard began the quest for the
                  | Orb.
     0 | D:1      | Reached XP level 1. HP: 10/10 MP: 7/7
   254 | D:1      | Reached XP level 2. HP: 16/16 MP: 2/9
   889 | D:1      | Identified the Almanac of Flight and Fire
   996 | D:1      | Reached skill level 5 in Spellcasting
  1439 | D:1      | Reached XP level 3. HP: 15/20 MP: 3/11
  1443 | D:1      | Learned a level 3 spell: Mephitic Cloud
  1446 | D:1      | Learned a level 2 spell: Call Imp
  1449 | D:1      | Learned a level 2 spell: Blink
  1453 | D:1      | Learned a level 3 spell: Conjure Flame
  1455 | D:1      | Learned a level 1 spell: Foxfire
  1812 | D:2      | Found a stormy altar of Qazlal.
  1879 | D:2      | Noticed Terence
  2068 | D:2      | Found a faded altar of an unknown god.
  2559 | D:2      | Noticed Natasha
  2568 | D:2      | Killed Natasha
  2569 | D:2      | Reached skill level 1 in Fighting
  2569 | D:2      | Reached skill level 1 in Armour
  2687 | D:2      | Killed Terence
  2688 | D:2      | Reached XP level 4. HP: 17/25 MP: 5/13
  2964 | D:2      | Reached skill level 1 in Fire Magic
  3066 | D:2      | Noticed Natasha
  3225 | D:2      | Killed Natasha
  3226 | D:2      | Reached skill level 6 in Spellcasting
  3226 | D:2      | Reached XP level 5. HP: 24/29 MP: 7/15
  3754 | D:2      | Noticed Natasha
  3766 | D:2      | Killed Natasha
  3996 | D:3      | Reached skill level 1 in Air Magic
  4950 | D:4      | Reached XP level 6. HP: 34/34 MP: 14/17
  5498 | D:5      | Entered Level 5 of the Dungeon
  5498 | D:5      | Noticed a water moccasin
  5503 | D:5      | Killed a water moccasin
  5504 | D:5      | Reached skill level 7 in Spellcasting
  5504 | D:5      | Reached skill level 1 in Poison Magic
  5504 | D:5      | Reached skill level 1 in Evocations
  5572 | D:5      | Identified the +1 quarterstaff of Massacring {holy, rF++
                  | Str+4 Int+4}
  5803 | D:5      | Noticed a wraith
  5822 | D:5      | Killed a wraith
  5823 | D:5      | Reached XP level 7. HP: 38/38 MP: 11/20
  6057 | D:5      | Reached skill level 8 in Spellcasting
  6331 | D:5      | Found an ornate altar of the Wu Jian Council.
  6473 | D:5      | Reached skill level 9 in Spellcasting
  6473 | D:5      | Reached XP level 8. HP: 38/44 MP: 15/23
  6673 | D:6      | Found a glowing golden altar of the Shining One.
  7088 | D:6      | Reached skill level 5 in Conjurations
  7103 | D:6      | Reached skill level 10 in Spellcasting
  7498 | D:6      | Found a staircase to the Ecumenical Temple.
  7508 | Temple   | Entered the Ecumenical Temple
  7601 | D:6      | Learned a level 1 spell: Shock
  7603 | D:6      | Learned a level 1 spell: Apportation
  8072 | D:7      | Reached XP level 9. HP: 39/48 MP: 18/25
  8170 | D:7      | Reached skill level 5 in Fire Magic
  8176 | D:7      | Reached skill level 11 in Spellcasting
  9127 | D:7      | Found an opulent altar of Gozag.
  9455 | D:8      | Noticed a tengu conjurer
  9462 | D:8      | Reached skill level 12 in Spellcasting
  9470 | D:8      | Killed a tengu conjurer
  9471 | D:8      | Reached XP level 10. HP: 42/56 MP: 14/28
  9995 | D:9      | Noticed a two-headed ogre
 10020 | D:9      | Killed a two-headed ogre
 10338 | D:9      | Reached skill level 13 in Spellcasting
 10662 | D:9      | Found Bamn's Weapon Shoppe.
 11328 | D:10     | Entered Level 10 of the Dungeon
 11453 | D:10     | Found a staircase to the Lair.
 11598 | D:10     | Reached skill level 5 in Fighting
 11600 | D:10     | Noticed a smoke demon
 11682 | D:10     | Noticed a two-headed ogre
 11697 | D:10     | Killed a two-headed ogre
 11698 | D:10     | Reached skill level 14 in Spellcasting
 11698 | D:10     | Reached XP level 11. HP: 63/63 MP: 18/31
 11797 | D:10     | Found a bloodstained altar of Trog.
 12094 | D:10     | Found an iron altar of Okawaru.
 12183 | D:10     | Reached skill level 1 in Shields
 12404 | D:10     | Found a radiant altar of Vehumet.
 12413 | D:10     | Became a worshipper of Vehumet
 12735 | D:11     | Noticed a two-headed ogre
 12744 | D:11     | Noticed Sonja
 12745 | D:11     | Killed a two-headed ogre
 12771 | D:11     | Mangled by a troll

Illustrated notes

Levels and vault maps discovered:
D:1:      beargit_arrival_greenhouse, layout_loops_corners, serial_forest,
          infiniplex_forest_join, infiniplex_forest_lined_3_way,
          infiniplex_forest_straight_2, infiniplex_forest_corner_1,
          infiniplex_forest_clump_double, infiniplex_forest_straight_2,
          infiniplex_forest_clump_double, infiniplex_forest_lined_room_,
          infiniplex_forest_clump_curved, infiniplex_forest_clump_curved
D:2:      layout_loops_ring, hellmonk_ecumenical_altar_leap_of_faith,
          basic_altar, kennysheep_potato, uniq_terence, uniq_natasha
D:3:      layout_basic, chequers_big_river
D:4:      layout_cave_pods
D:5:      layout_gridville, nicolae_wu_jian_immortal_techniques,
          minmay_misc_feat_encased, chequers_serial_rivers_small_3, st_stairs_8,
          grunt_ministairs_3
D:6:      layout_basic, overflow_temple_1_default, minmay_temple_entry_junction
D:7:      layout_basic, marbit_many_paths, minmay_starry_boxes
D:8:      layout_basic
D:9:      layout_rooms, serial_shops, nicolae_shop_competitors_out_of_business,
          kennysheep_path_1
D:10:     layout_stronghold, fiery_altar_vehumet, trog_hazing_becter,
          okawaru_altar_gauntlet_db, david_lair_shrubbed
D:11:     gammafunk_indiana_jones, layout_long_grid, erik_orc_2, uniq_sonja
Temple:   compressed_dpeg_circular_temple

Skill      XL: |  1  2  3  4  5  6  7  8  9 10 11 |
---------------+----------------------------------+-----
Spellcasting   | 5 6 7 9 10 12 14 | 14.3
Fighting       | 1 2 3 5 |  5.0
Armour         | 1 3 |  3.0
Conjurations   | 2 3 4 5 7 8 |  8.6
Fire Magic     | 1 3 4 6 7 8 |  8.0
Dodging        | 3 |  3.0
Air Magic      | 1 |  1.0
Stealth        | 3 |  3.0
Poison Magic   | 1 |  1.2
Evocations     | 1 |  1.0
Shields        | 1 |  1.4
Summonings     | |  1.1
Translocations | |  1.1

Action                   |  1- 3 |  4- 6 |  7- 9 | 10-12 || total
-------------------------+-------+-------+-------+-------++-------
Melee: Dagger            |     4 |     4 |       |       ||     8
       Quarterstaff      |       |     2 |    38 |    29 ||    69
 Cast: Magic Dart        |    83 |    27 |     2 |       ||   112
       Call Imp          |     8 |       |       |     3 ||    11
       Conjure Flame     |     4 |     2 |    16 |    17 ||    39
       Mephitic Cloud    |     1 |     3 |    10 |    17 ||    31
       Blink             |     1 |       |     1 |     4 ||     6
       Foxfire           |       |    77 |   129 |   101 ||   307
       Shock             |       |       |    10 |    26 ||    36
  Use: Potion            |       |     1 |       |       ||     1
       Scroll            |       |       |       |     1 ||     1
 Stab: Confused          |       |     1 |       |       ||     1
Armor: Robe              |    12 |     3 |       |       ||    15
       Leather armour    |       |     4 |    23 |       ||    27
       Steam dragon scal |       |       |     3 |    14 ||    17
Dodge: Dodged            |    16 |    16 |    31 |    32 ||    95
Block: Other             |       |       |     1 |    14 ||    15
       Reflection        |       |       |       |     5 ||     5

Table legend: (Time is in decaauts)
 A = Elapsed time spent in this place.
 B = Non-inter-level travel time spent in this place.
 C = Inter-level travel time spent in this place.
 D = Time resting spent in this place.
 E = Time spent auto-exploring this place.
 F = Levels seen in this place.
 G = Mean time per level.
                   A        B        C        D        E       F      G
               +--------+--------+--------+--------+--------+-----+--------+
         Total |  12817 |  12559 |    258 |    965 |   9662 |  12 | 1068.1 |
       Dungeon |  12743 |  12494 |    249 |    965 |   9599 |  11 | 1158.5 |
        Temple |     73 |     64 |      9 |      0 |     63 |   1 |   73.0 |
               +--------+--------+--------+--------+--------+-----+--------+

Top non-repeatable levels by time:
     D:2: 1983 daAuts
     D:1: 1878 daAuts
    D:10: 1402 daAuts
     D:7: 1304 daAuts
     D:6: 1272 daAuts
     D:9: 1224 daAuts
     D:5: 1173 daAuts
     D:4: 938 daAuts
     D:8: 801 daAuts
     D:3: 716 daAuts
  Temple: 73 daAuts
    D:11: 48 daAuts
